 Dungeon Crawl Stone Soup version 0.28.0 (webtiles) character file.

Game seed: 7934026932825842427

491 Jerry the Chucker (level 6, -1/61 HPs)
             Began as a Troll Hunter on Feb 10, 2022.
             Was an Initiate of Gozag.
             Killed from afar by an orc wizard (8 damage)
             ... with a puff of flame
             ... on level 4 of the Dungeon.
             The game lasted 00:09:50 (3209 turns).

Jerry the Chucker (Troll Hunter)                    Turns: 3209, Time: 00:09:51

Health: -1/61      AC:  4    Str: 23    XL:     6   Next: 91%
Magic:  5/5        EV: 10    Int:  7    God:    Gozag
Gold:   188        SH:  0    Dex: 10    Spells: 5/5 levels left

rFire   . . .      SeeInvis .   g - +0 whip
rCold   . . .      Faith    .   (no shield)
rNeg    . . .      Spirit   .   b - +0 robe
rPois   .          Reflect  .   (helmet restricted)
rElec   .          Harm     .   (no cloak)
rCorr   .          Rampage  .   (gloves unavailable)
Will    .....                   (boots unavailable)
Stlth   +.........              (no amulet)
HPRegen 1.00/turn               (no ring)
MPRegen 0.09/turn               (no ring)

@: lethally poisoned (-1 -> -1)
A: large, unfitting armour, claws 3, regeneration 1, shaggy fur 1, tough skin 1
a: Renounce Religion, Potion Petition, Call Merchant, Bribe Branch


You were on level 4 of the Dungeon.
You worshipped Gozag.
Gozag was aware of your devotion.
You visited 2 branches of the dungeon, and saw 5 of its levels.

You collected 246 gold pieces.
You paid 58 gold pieces to Gozag.

Inventory:

Hand Weapons
 g - a +0 whip (weapon)
Missiles
 c - 5 large rocks (quivered)
 d - 2 throwing nets
 o - 3 datura-tipped darts
Armour
 b - a +0 robe (worn)
Wands
 q - a wand of flame (26)
 s - a wand of polymorph (11)
Scrolls
 a - 2 scrolls of amnesia {unknown}
 e - a scroll of enchant armour {unknown}
 i - 2 scrolls of enchant weapon {unknown}
 j - 5 scrolls of identify
 m - 2 scrolls of immolation {unknown}
 n - a scroll of teleportation {unknown}
 p - a scroll of brand weapon {unknown}
 u - a scroll of noise {unknown}
 v - a scroll of silence {unknown}
Potions
 f - a potion of curing
 h - 2 potions of degeneration {unknown}
 k - a potion of resistance {unknown}
 l - a potion of brilliance {unknown}
 r - 2 potions of lignification {unknown}
 t - a potion of heal wounds {unknown}


   Skills:
 + Level 3.4 Fighting
 + Level 2.5 Maces & Flails
 + Level 5.0 Throwing
 + Level 3.4 Dodging
 - Level 0.4 Stealth


You had 5 spell levels left.
You didn't know any spells.
Your spell library contained the following spells:

 Spells                   Type           Power      Damage    Failure   Level
 Animate Skeleton         Necr           0%         N/A       43%         1
 Apportation              Tloc           0%         N/A       43%         1
 Shock                    Conj/Air       0%         1d3       43%         1
 Summon Small Mammal      Summ           0%         N/A       43%         1
 Swiftness                Air            0%         N/A       80%         3
 Airstrike                Air            0%         N/A       99%         4


Dungeon Overview and Level Annotations

Branches:
Dungeon (4/15)             Temple (1/1) D:4

Altars:
Dithmenos
Elyvilon
Fedhas
Gozag
Hepliaklqana
Makhleb
Nemelex Xobeh
Okawaru
Ru
Sif Muna
Trog
Xom
Yredelemnul
Zin

Shops:
D:4 =


Innate Abilities, Weirdness & Mutations

You are too large for most types of armour.
You have claws for hands.
Your natural rate of healing is unusually fast.
You are covered in fur. (AC +1)
You have tough skin. (AC +1)


Message History

You feel very sick.
You hear some strange, mumbled words.
A puff of flame appears from out of thin air!
The puff of flame misses you.
Things that are here:
14 gold pieces; a +0 dagger You feel very sick.
Something hits you.
You are more poisoned.
You feel very sick.
You feel very sick.
You feel very sick.
You feel sick.
A magic dart appears from out of thin air!
The magic dart hits you.
You feel sick.
You hear some strange, mumbled words.
You are confused.
You bump into the rock wall.
You feel sick.
You feel sick.
You feel sick.
You bump into the rock wall.
You feel sick.
You feel sick. Something hits you.
You are more poisoned.
You feel less confused.
You feel very sick. Something hits you but does no damage.
You feel very sick.
You feel sick.
You feel sick.
You feel sick.
A magic dart appears from out of thin air!
The magic dart hits you!
* * * LOW HITPOINT WARNING * * *
You feel sick.
You feel sick.
A puff of flame appears from out of thin air!
The puff of flame hits you!
You die...
Your body crumbles into a pile of gold.

#..##.###+## #.#
#.#)###. ..... #.# #.#
#.#.###. #''#### #.# #.#
#.#..... ...##.###.##
#.#######.##....
..###.##...##
#.........##.##.
..###.#.....#
#####.######.##.
#.$........## #.# #.##.
......###...##########.#
#.##. #######
#.#..{..@......# #.###
#...############ #.#
#.### #.### #.# #....
#.# ##### #.# #.### ####
#####.#.## #..†
#......#.######### #.##


There were no monsters in sight!

Vanquished Creatures
  Sigmund (D:4)
  A phantom (D:4)
  A wyvern skeleton (D:4)
  4 gnolls
  7 adders
  A shadow imp (D:4)
  2 worms (D:2)
  6 dart slugs
  3 bats
  10 endoplasms
  3 giant cockroaches
  8 goblins
  9 hobgoblins
  4 jackals
  2 quokkas
  6 ball pythons
  5 frilled lizards
  7 kobolds
  7 rats
87 creatures vanquished.

Vanquished Creatures (others)
  2 plants (D:2)
  5 withered plants (D:2)
7 creatures vanquished.

Grand Total: 94 creatures vanquished

Notes
Turn   | Place    | Note
-------+----------+-------------------------------------------
     0 | D:1      | Jerry the Troll Hunter began the quest for the Orb.
     0 | D:1      | Reached XP level 1. HP: 19/19 MP: 0/0
    46 | D:1      | Reached XP level 2. HP: 28/28 MP: 1/1
   252 | D:1      | Reached XP level 3. HP: 35/35 MP: 2/2
   268 | D:1      | Reached skill level 4 in Throwing
   756 | D:2      | Found a sparkling altar of Nemelex Xobeh.
   859 | D:2      | Reached XP level 4. HP: 33/44 MP: 3/3
   912 | D:2      | Found a faded altar of an unknown god.
  1123 | D:2      | Reached skill level 1 in Maces & Flails
  1906 | D:4      | Found a staircase to the Ecumenical Temple.
  1930 | Temple   | Entered the Ecumenical Temple
  2131 | D:4      | Found an opulent altar of Gozag.
  2137 | D:4      | Reached XP level 5. HP: 50/50 MP: 4/4
  2146 | D:4      | Became a worshipper of Gozag Ym Sagoz the Greedy
  2752 | D:4      | Found Loasm's Jewellery Boutique.
  2793 | D:4      | Noticed a phantom
  2892 | D:4      | Noticed Sigmund
  3005 | D:4      | Killed Sigmund
  3006 | D:4      | Reached XP level 6. HP: 61/61 MP: 5/5
  3102 | D:4      | Reached skill level 5 in Throwing
  3209 | D:4      | Killed from afar by an orc wizard

Illustrated notes

Levels and vault maps discovered:
D:1:      saegor_arrival_simple_c, layout_rooms, minmay_pentomino_z4
D:2:      minmay_spotlight, layout_loops_ring, basic_altar,
          shapermc_ecumenical_altar_flowoftime, minmay_misc_feat_secret_circle
D:3:      layout_basic
D:4:      layout_loops_corners, mainiacjoe_overflow_catwalk,
          minmay_temple_entry_antechambers, serial_shops, nicolae_diamond_shop,
          kennysheep_generic_room_5, uniq_sigmund
Temple:   cyrus_circular_temple

Skill      XL: |  1  2  3  4  5  6 |
---------------+-------------------+-----
Fighting       | 2 3 |  3.4
Dodging        | 2 3 |  3.4
Throwing       | 4 5 |  5.0
Maces & Flails | 1 2 |  2.5
Stealth        | |  0.4

Action                   |  1- 3 |  4- 6 || total
-------------------------+-------+-------++-------
Melee: Short sword       |    76 |       ||    76
       Punch             |     1 |     2 ||     3
       Whip              |    73 |   262 ||   335
Throw: Large rock        |       |     6 ||     6
  Use: Scroll            |     2 |       ||     2
Armor: Robe              |    50 |    78 ||   128
Dodge: Dodged            |    83 |   160 ||   243
